 Dungeon Crawl Stone Soup version 0.26-a0-540-g8a0c9464d7 (webtiles) character file.

Game seed: 9786204553587886601

498626 jt the Champion of Chaos (level 23, -10/352 HPs)
             Began as a Deep Dwarf Fighter on Aug 19, 2020.
             Was the Champion of Makhleb.
             Mangled by a storm dragon (20 damage)
             ... on level 3 of the Realm of Zot.
             The game lasted 03:16:02 (42560 turns).

jt the Champion of Chaos (Deep Dwarf Fighter)      Turns: 42560, Time: 03:16:02

Health: -10/352    AC: 42    Str: 42    XL:     23   Next: 71%
Magic:  40/40 (31) EV: 12    Int: 11    God:    Makhleb [******]
Gold:   5804       SH: 12    Dex: 20    Spells: 22/22 levels left

rFire    + + +     SeeInvis +   a - +9 broad axe (freeze)
rCold    + . .     Faith    +   I - +3 buckler "Yshrisis" {rC+ MR+ Slay+2}
rNeg     + + +     Spirit   .   r - +13 plate armour of the Ecumenical Temple {rElec Str+6}
rPois    +         Reflect  .   F - +1 hat of Fedhas's Displeasure {+Inv rC+}
rElec    +         Harm     .   s - +1 cloak of the Unbroken {rN+ Dex+5}
rCorr    .                      l - +1 pair of gloves {Dex+3}
MR       +++++                  E - +2 pair of boots {run}
Stlth    ..........             D - amulet "Losinlu" {Faith Str+5 SInv}
HPRegen  0.00/turn              M - ring "Awaifyog" {rPois rF+ MP+9 Str+3}
MPRegen  0.27/turn              g - ring "Unaile Zick" {*Contam rF++ rC- rN+ MR+}

@: berserking, non-regenerating, slowed, quick
A: damage resistance, heal wounds, negative energy resistance 1, sense
surroundings 3, no regeneration
}: 3/15 runes: decaying, silver, gossamer
a: Heal Wounds, Minor Destruction, Lesser Servant of Makhleb, Major Destruction,
Greater Servant of Makhleb, Renounce Religion, Evoke Invisibility


You were on level 3 of the Realm of Zot.
You worshipped Makhleb.
Makhleb was exalted by your worship.
You visited 8 branches of the dungeon, and saw 44 of its levels.
You also visited: Trove, Bailey and Ice Cave.

You collected 9442 gold pieces.
You spent 3638 gold pieces at shops.

Inventory:

Hand Weapons
 a - a +9 broad axe of freezing (weapon)
 b - a +2 fustibalus of flaming
 c - a +4 vampiric war axe
 z - a +4 broad axe of flaming
 B - the +4 trident "Ecraucs" {freeze, MR+++}
   (You found it on level 11 of the Dungeon)

   It has been specially enchanted to freeze those struck by it, causing extra
   injury to most foes and up to half again as much damage against particularly
   susceptible opponents.
   It can also slow down cold-blooded creatures.
   It affects your resistance to hostile enchantments.
Missiles
 P - 2 throwing nets
 U - 10 curare-tipped darts (quivered)
Armour
 l - a +1 pair of gloves of dexterity (worn)
 r - the +13 plate armour of the Ecumenical Temple (worn) {rElec Str+6}
   (You found it in a treasure trove)

   It affects your strength (+6).
   It insulates you from electricity.
 s - the +1 cloak of the Unbroken (worn) {rN+ Dex+5}
   (You found it on level 6 of the Lair of Beasts)

   It affects your dexterity (+5).
   It protects you from negative energy.
 E - a +2 pair of boots of running (worn)
 F - the +1 hat of Fedhas's Displeasure (worn) {+Inv rC+}
   (You found it in a treasure trove)

   It protects you from cold.
   It lets you turn invisible.
 I - the +3 buckler "Yshrisis" (worn) {rC+ MR+ Slay+2}
   (You found it on level 4 of the Swamp)

   It affects your accuracy and damage with ranged weapons and melee attacks
   (+2).
   It protects you from cold.
   It affects your resistance to hostile enchantments.
Jewellery
 g - the ring "Unaile Zick" (right hand) {*Contam rF++ rC- rN+ MR+}
   (You found it on level 1 of the Swamp)

   [ring of positive energy]

   It greatly protects you from fire.
   It makes you vulnerable to cold.
   It protects you from negative energy.
   It affects your resistance to hostile enchantments.
   It causes magical contamination when unequipped.
 t - a +4 ring of slaying
 A - an uncursed ring of poison resistance
 D - the amulet "Losinlu" (around neck) {Faith Str+5 SInv}
   (You found it on level 1 of the Swamp)

   [amulet of faith]

   It allows you to gain divine favour quickly.
   It affects your strength (+5).
   It lets you see invisible.
 M - the ring "Awaifyog" (left hand) {rPois rF+ MP+9 Str+3}
   (You found it on level 4 of the Depths)

   [ring of protection from fire]

   It affects your strength (+3).
   It protects you from fire.
   It protects you from poison.
   It affects your magic capacity (+9).
 R - an uncursed ring of protection from magic
 V - an uncursed ring of flight
Wands
 d - a wand of acid (23)
 f - a wand of paralysis (20)
 h - a wand of iceblast (41)
 x - a wand of digging (23)
 G - a wand of flame (48)
 T - a wand of polymorph (32)
 W - a wand of enslavement (4)
Scrolls
 i - a scroll of summoning
 j - 8 scrolls of teleportation
 o - 6 scrolls of fear
 y - 3 scrolls of blinking
 J - 8 scrolls of fog
 L - 25 scrolls of remove curse
 Q - 2 scrolls of magic mapping
 Y - a scroll of silence
Potions
 k - 7 potions of ambrosia
 n - a potion of cancellation
 p - 4 potions of might
 q - 5 potions of heal wounds
 u - 8 potions of curing
 v - a potion of berserk rage
 N - 3 potions of haste
 O - 4 potions of mutation
Miscellaneous
 e - a condenser vane (2/2)
 m - a tin of tremorstones (3/3)
 S - a box of beasts (3/3)
 X - a phantom mirror
 Z - a phial of floods


   Skills:
 + Level 19.7 Fighting
 - Level 18.0 Axes
 - Level 9.2 Slings
 + Level 19.4 Armour
 + Level 3.4 Dodging
 - Level 15.0 Shields
 + Level 26.9 Invocations
 - Level 5.0 Evocations


You had 22 spell levels left.
You didn't know any spells.
Your spell library contained the following spells:

 Spells                   Type           Power        Failure   Level
 Animate Skeleton         Necr           #.....       69%         1
 Beastly Appendage        Tmut           #.....       69%         1
 Freeze                   Ice            #...         69%         1
 Pain                     Necr           #...         69%         1
 Sting                    Tmut/Pois      #...         69%         1
 Summon Small Mammal      Summ           #...         69%         1
 Call Imp                 Summ           #.......     83%         2
 Corpse Rot               Necr/Air       N/A          83%         2
 Poisonous Vapours        Pois/Air       #.....       83%         2
 Wereblood                Tmut           #.......     83%         2
 Call Canine Familiar     Summ           #.......     96%         3
 Frozen Ramparts          Ice            #.....       96%         3
 Gell's Gravitas          Tloc           #.........   96%         3
 Ignite Poison            Fire/Tmut/Pois #.......     96%         3
 Mephitic Cloud           Conj/Pois/Air  #.......     96%         3
 Ozocubu's Armour         Ice            #.......     96%         3
 Portal Projectile        Hex/Tloc       #.....       96%         3
 Spider Form              Tmut/Pois      #.........   96%         3
 Static Discharge         Conj/Air       #.......     96%         3
 Stone Arrow              Conj/Erth      #.....       96%         3
 Summon Guardian Golem    Hex/Summ       #.......     96%         3
 Teleport Other           Tloc           #.......     96%         3
 Vampiric Draining        Necr           #.........   96%         3
 Animate Dead             Necr           #.........   100%        4
 Hailstorm                Conj/Ice       #.......     100%        4
 Ice Form                 Ice/Tmut       #.......     100%        4
 Olgreb's Toxic Radiance  Pois           #.......     100%        4
 Summon Ice Beast         Ice/Summ       #.......     100%        4
 Summon Lightning Spire   Summ/Air       #.......     100%        4
 Agony                    Necr           #.......     100%        5
 Blade Hands              Tmut           #.........   100%        5
 Lightning Bolt           Conj/Air       #.........   100%        5
 Metabolic Englaciation   Hex/Ice        #.........   100%        5
 Summon Forest            Summ/Tloc      #.........   100%        5
 Dispersal                Tloc           #.........   100%        6
 Eringya's Noxious Bog    Tmut/Pois      #.........   100%        6
 Freezing Cloud           Conj/Ice/Air   #.........   100%        6
 Hydra Form               Tmut           #.........   100%        6
 Ozocubu's Refrigeration  Ice            #.........   100%        6
 Simulacrum               Ice/Necr       #.........   100%        6
 Summon Hydra             Summ           #.........   100%        7
 Controlled Blink         Tloc           N/A          100%        8
 Disjunction              Tloc           #.........   100%        8
 Ignition                 Fire           #.........   100%        8
 Shatter                  Erth           #.........   100%        9
 Tornado                  Air            #.........   100%        9


Dungeon Overview and Level Annotations

Branches:
Dungeon (15/15)            Temple (0/1) D:5            Lair (6/6) D:11
  Swamp (4/4) Lair:4       Spider (4/4) Lair:3        Slime (0/5) Lair:6
    Orc (2/2) D:10            Elf (0/3) Orc:2        Vaults (5/5) D:14
 Depths (5/5) D:15            Zot (3/5) Depths:5     Bailey (visited)
  IceCv (visited)
  Crypt: Vaults:2-3

Altars:
Elyvilon
Fedhas
Gozag
Hepliaklqana
Makhleb
Qazlal
Ru
Sif Muna
Trog
Wu Jian
Zin
The Shining One
Beogh

Shops:
D:5 ?!   D:10 (   Orc:1 [   Orc:2 :*:[   Vaults:4 }[[*   Depths:1 (

Portals:
Hell: Depths:1 Depths:3 Depths:4 Depths:5
Abyss: Depths:3 Depths:4 Depths:5
Pandemonium: Depths:3 Depths:4

Annotations:
D:2 exclusion: oklob plant


Innate Abilities, Weirdness & Mutations

You are resistant to damage.
You can heal yourself by infusing magical energy.
You resist negative energy. (rN+)
You passively map a large area around you.
You do not regenerate.


Message History

* * * LOW HITPOINT WARNING * * *
The golden dragon claws you but does no damage.
The golden dragon barely misses you.
The storm dragon bites you but does no damage.
The storm dragon claws you.
* * * LOW HITPOINT WARNING * * *
The storm dragon tramples you but does no damage.
The Killer Klown blinks!
The storm dragon bites you but does no damage.
The storm dragon closely misses you. You block the storm dragon's attack.
Unknown command.
You barely miss the golden dragon.
The golden dragon is severely wounded.
You barely miss the storm dragon. You slash the storm dragon!
You slash the moth of wrath! You freeze the moth of wrath.
You completely miss the death cob. The death cob hits you!
* * * LOW HITPOINT WARNING * * *
The death cob drains your vigour!
You feel yourself slow down. The storm dragon bites you!!
You die...

,,,,,,,,,,,,,,,,,,,,,,..,,,,,,***
*********,,,,,,,,,,,,..,,,,,,** *
*,,,,,**************#.#*,,,,,,***
,,,*,,,,* ##### *#ยง#,**,,,,,,*
,,***,<,* #...# *#.#**,*,,,,,,*
*,,**,,,* #...###q#* **,,,,,,,*
**,,*****###.yq##d######.,,,,,***
*,,,,,** #...XyDDDq......,,,,,,,,
,,,*,,,**#...qyz@y.......,,,,,,,,
,,***,,,,#$###X##########,*,,,,,,
,** **,,,..##.## *,*,,,,,,
,,***,,,,###.#****** *,*,,,,**
,,,*,,,***...,,,,,,** *,*,,,*,,
*,,,,,** #..,,,,,,,,** *,*,,,*,,
***,,** #..,,,,,,,,,****,*,,,,,,
,,**,,** ##***,,,,,,,>,**,*,,,,,,
<,***,,* *,,,,,,,,,**,*,,,,,,


You could see 2 tentacled monstrosities, a yellow draconian knight (icy armour),
a golden dragon (berserk), 2 storm dragons, a black draconian (berserk), 3
draconians, a death cob and 4 moths of wrath.

Vanquished Creatures
  3 ancient liches
  Sojobo (Vaults:5)
  Boris (twice) (Depths:4 Vaults:5)
  The ghost of slayr the Warrior, a veteran DDNe of Makhleb (Depths:3)
  A curse toe (Zot:2)
  5 golden dragons
  An electric golem (Zot:2)
  4 liches
  5 tentacled monstrosities
  Asterion (Depths:1)
  3 sphinxes
  6 titans
  A death cob (Zot:1)
  Gastronok (D:9)
  8 tengu reavers
  Kirke (Lair:4)
  A draconian monk (Zot:1)
  11 storm dragons
  3 shadow dragons
  2 draconian knights
  13 fire giants
  13 vault wardens
  2 iron dragons (Vaults:5)
  A deep elf sorcerer (Vaults:5)
  3 ghost moths (Spider:4)
  A draconian scorcher (Zot:1)
  2 spectral caustic shrikes (Depths:3)
  7 emperor scorpions
  8 frost giants
  2 deep elf elementalists
  6 draconian stormcallers
  4 draconian shifters
  20 very ugly things
  6 ironheart preservers
  2 spriggan defenders (Depths:5)
  2 draconian annihilators
  20 stone giants
  2 entropy weavers
  3 war gargoyles (Vaults:5)
  4 vampire knights
  2 black draconians
  6 green draconians
  6 red draconians
  3 yellow draconians (Zot:1)
  4 purple draconians
  A deep elf annihilator (Depths:4)
  5 white draconians
  5 spark wasps
  Snorg (Lair:5)
  3 fire dragons
  3 deep elf death magi (Vaults:5)
  12 ettins
  A spectral golden dragon (Depths:3)
  8 ogre magi
  A deep elf high priest (Vaults:5)
  23 hydras
  A rakshasa (Depths:3)
  17 yaktaur captains
  4 great orbs of eyes
  29 vault guards
  A juggernaut simulacrum (Depths:3)
  3 spriggan air magi
  A spectral sphinx (Depths:3)
  2 ghost crabs
  8 centaur warriors
  7 ice dragons
  2 catoblepae
  A shambling mangrove (Swamp:1)
  17 alligators
  22 two-headed ogres
  A dancing weapon (Vaults:5)
  2 death knights
  3 deep troll shamans
  3 tengu warriors
  4 death yaks
  8 deep troll earth magi
  A spriggan berserker (Depths:5)
  9 orc high priests
  A titan zombie (Vaults:5)
  5 deep elf knights
  Sonja (Lair:4)
  15 hell knights
  2 spectral elves (Depths:3)
  A fire crab (shapeshifter) (Vaults:3)
  17 deep trolls
  2 shadow wraiths
  4 skeletal warriors (D:12)
  2 spriggan druids
  3 wizards
  9 unseen horrors
  13 swamp dragons
  4 glowing orange brains
  3 flayed ghosts
  9 ironbrand convokers
  3 large abominations (Depths:4)
  A deep elf archer (Vaults:1)
  15 necromancers
  7 harpies
  4 phantasmal warriors (Vaults:5)
  13 orc knights
  An obsidian statue (D:15)
  Pikel (D:5)
  13 orb spiders
  A tengu skeleton (Vaults:5)
  35 wolf spiders
  A wolf spider (shapeshifter) (Depths:5)
  6 orc sorcerers
  A frost giant zombie (Vaults:5)
  2 human zombies (Vaults:1)
  A salamander (Depths:1)
  17 ugly things
  3 manticores
  9 deep elf magi
  11 elephants
  3 cyclopes
  A black mamba (shapeshifter) (Depths:1)
  7 moths of wrath
  An ice statue (IceCv)
  12 cane toads
  4 black mambas
  9 vault sentinels
  A frost giant skeleton (Vaults:1)
  A gargoyle (D:10)
  A torpor snail (Lair:5)
  A torpor snail (shapeshifter) (Depths:5)
  2 centaur skeletons
  Maggie (D:10)
  A cane toad (shapeshifter) (Vaults:3)
  68 yaktaurs
  7 rime drakes
  8 komodo dragons
  7 freezing wraiths
  2 guardian mummies (D:15)
  A redback zombie (D:14)
  A yaktaur (shapeshifter) (Depths:1)
  12 demonic crawlers
  2 tengu conjurers
  A human skeleton (Vaults:5)
  2 golden dragon simulacra
  2 queen bees
  6 meliai
  11 tyrant leeches
  29 jumping spiders
  19 hornets
  A troll (shapeshifter) (Vaults:1)
  8 trolls
  23 hippogriffs
  A dream sheep (D:11)
  27 polar bears
  10 blink frogs
  2 iron dragon simulacra (Depths:3)
  Grinder (D:5)
  A raiju (shapeshifter) (Depths:1)
  A harpy skeleton (D:13)
  25 slime creatures
  9 bog bodies
  3 shadows
  4 small abominations (Depths:4)
  8 wyverns
  2 vampires
  53 redbacks
  A water elemental (Depths:1)
  A tarantella (shapeshifter) (Depths:4)
  A spriggan simulacrum (Depths:3)
  30 tarantellas
  2 wraiths
  56 yaks
  5 spriggans
  5 chaos spawn (Depths:4)
  3 hogs
  11 basilisks
  2 steam dragons
  An elf simulacrum (Depths:3)
  2 vampire mosquitoes (D:13)
  10 wargs
  19 swamp worms
  15 insubstantial wisps
  3 acid dragons
  15 water moccasins
  Duvessa (D:7)
  A water moccasin (shapeshifter) (Vaults:1)
  4 porcupines
  3 ice beasts
  3 sky beasts
  12 swamp drakes
  6 black bears
  35 orc warriors
  An eye of draining (D:11)
  A hornet zombie (D:14)
  5 necrophages (Swamp:4)
  19 ogres
  29 wolves
  3 phantoms
  6 boggarts (Vaults:3)
  15 centaurs
  11 crocodiles
  A lemure (D:5)
  A big kobold (D:11)
  Blork the orc (D:5)
  Dowan (D:6)
  25 bullfrogs
  2 glowing shapeshifter simulacra (Depths:3)
  A wyvern skeleton (D:9)
  8 scorpions
  40 killer bees
  19 wights
  An electric eel (Lair:5)
  3 howler monkeys
  A bullfrog zombie (D:9)
  3 centaur zombies
  5 hounds
  4 quasits
  2 bullfrog skeletons
  48 orc priests
  3 jellies
  26 orc wizards
  An iron imp (Depths:4)
  Natasha (thrice) (D:2)
  5 iguanas
  10 worker ants
  A killer bee zombie (D:5)
  3 hound skeletons
  Robin (D:2)
  A howler monkey skeleton (D:6)
  A river rat (Lair:5)
  17 adders
  14 white imps
  An ufetubus (D:10)
  2 oozes
  2 adder skeletons
  2 worms
  3 dart slugs
  4 leopard geckos
  120 orcs
  2 ball pythons
  4 giant cockroaches
  20 goblins
  6 hobgoblins
  14 jackals
  4 quokkas
  5 bats
  7 frilled lizards
  A jackal skeleton (D:4)
  A jackal zombie (D:6)
  21 kobolds
  A leopard gecko zombie (D:8)
  A quokka skeleton (D:7)
  10 rats
  5 plants
1875 creatures vanquished.

Vanquished Creatures (collateral kills)
  An emperor scorpion (Spider:4)
  Louise (Spider:1)
  A yaktaur captain (Depths:4)
  A two-headed ogre (D:11)
  2 death yaks (Lair:6)
  3 wolf spiders (Spider:1)
  A yaktaur (Depths:4)
  A rime drake (Lair:4)
  A demonic crawler (Spider:1)
  A troll (D:12)
  5 jumping spiders
  A tengu conjurer (Depths:1)
  2 hippogriffs (Lair:4)
  2 redbacks
  A wyvern (Lair:4)
  A tarantella (Spider:1)
  2 hogs (Lair:4)
  4 basilisks
  A killer bee (Lair:5)
  A bullfrog zombie (D:12)
  A fungus (Lair:6)
34 creatures vanquished.

Vanquished Creatures (others)
  A spark wasp (Spider:1)
  An alligator (Swamp:1)
  A spriggan druid (Swamp:4)
  A tyrant leech (Swamp:1)
  A human (Lair:4)
  A killer bee (Lair:5)
  An orc wizard (D:8)
  An orc (D:10)
  2 bushes (Lair:4)
  4 fungi
  3 plants
17 creatures vanquished.

Grand Total: 1926 creatures vanquished

Notes
Turn   | Place    | Note
-------+----------+-------------------------------------------
     0 | D:1      | jt the Deep Dwarf Fighter began the quest for the Orb.
     0 | D:1      | Reached XP level 1. HP: 20/20 MP: 1/1
   326 | D:1      | Reached XP level 2. HP: 17/27 MP: 2/2
  1118 | D:2      | Noticed Natasha
  1157 | D:2      | Noticed Robin
  1172 | D:2      | Reached XP level 3. HP: 31/33 MP: 3/3
  1197 | D:2      | Killed Robin
  1354 | D:2      | Found a white marble altar of Elyvilon.
  1362 | D:2      | Reached XP level 4. HP: 40/40 MP: 4/4
  1726 | D:2      | Killed Natasha
  1726 | D:2      | Reached skill level 1 in Slings
  1910 | D:2      | Found a blossoming altar of Fedhas.
  1935 | D:2      | Noticed an oklob plant
  1983 | D:2      | Noticed Natasha
  1986 | D:2      | Killed Natasha
  1986 | D:2      | Reached XP level 5. HP: 46/46 MP: 4/4
  2030 | D:2      | Noticed Natasha
  2032 | D:2      | Killed Natasha
  2032 | D:2      | Reached skill level 5 in Shields
  2757 | D:3      | Found a bloodstained altar of Trog.
  3427 | D:4      | Reached XP level 6. HP: 46/55 MP: 5/5
  3595 | D:4      | Reached skill level 5 in Axes
  3882 | D:4      | Found a burning altar of Makhleb.
  3897 | D:4      | Became a worshipper of Makhleb the Destroyer
  3938 | D:4      | Found an ornate altar of the Wu Jian Council.
  4054 | D:5      | Entered Level 5 of the Dungeon
  4119 | D:5      | Found a staircase to the Ecumenical Temple.
  4252 | D:5      | Reached XP level 7. HP: 35/61 MP: 6/6
  4497 | D:5      | Found Eheop's Magic Scroll Emporium.
  4497 | D:5      | Noticed Grinder
  4503 | D:5      | Paralysed by Grinder for 6 turns
  4510 | D:5      | Killed Grinder
  4510 | D:5      | Reached skill level 1 in Evocations
  4516 | D:5      | Bought a scroll of fog for 22 gold pieces
  4667 | D:5      | Noticed Blork the orc
  4678 | D:5      | Killed Blork the orc
  4678 | D:5      | Reached XP level 8. HP: 38/68 MP: 6/6
  4777 | D:5      | Noticed Pikel
  4807 | D:5      | Killed Pikel
  4807 | D:5      | Reached skill level 5 in Slings
  4964 | D:5      | Found Reirphy's Distillery.
  4967 | D:5      | Bought a potion of heal wounds for 50 gold pieces
  4967 | D:5      | Bought a potion of curing for 30 gold pieces
  4967 | D:5      | Bought a potion of cancellation for 80 gold pieces
  4967 | D:5      | Bought a potion of berserk rage for 50 gold pieces
  5402 | D:6      | Reached * piety under Makhleb
  5473 | D:6      | Reached skill level 5 in Evocations
  5545 | D:6      | Gained mutation: You passively map the area around you.
                  | [Deep Dwarf growth]
  5545 | D:6      | Reached XP level 9. HP: 43/74 MP: 7/7
  6106 | D:7      | Noticed Duvessa
  6106 | D:7      | Noticed Dowan
  6331 | D:7      | Reached ** piety under Makhleb
  6682 | D:7      | Killed Duvessa
  6804 | D:6      | Killed Dowan
  7293 | D:9      | Identified a scroll of acquirement
  7293 | D:9      | Acquired 2720 gold pieces
  7385 | D:5      | Bought a potion of mutation for 80 gold pieces
  7385 | D:5      | Bought a potion of flight for 30 gold pieces
  7385 | D:5      | Bought a potion of might for 40 gold pieces
  7618 | D:8      | Found a shimmering blue altar of Sif Muna.
  7655 | D:8      | Identified Sif Muna's Guide on Transformation
  7704 | D:8      | Reached XP level 10. HP: 70/81 MP: 7/7
  8023 | D:9      | Reached *** piety under Makhleb
  8033 | D:9      | Found a hazy altar of Hepliaklqana.
  8090 | D:9      | Noticed Gastronok
  8160 | D:9      | Killed Gastronok
  8160 | D:9      | Reached skill level 10 in Axes
  8160 | D:9      | Reached skill level 10 in Shields
  8916 | D:10     | Entered Level 10 of the Dungeon
  9075 | D:10     | Reached **** piety under Makhleb
  9078 | D:10     | Killed an unseen horror
  9268 | D:10     | Reached XP level 11. HP: 46/88 MP: 8/8
  9411 | D:10     | Found a staircase to the Orcish Mines.
  9851 | D:10     | Found Keassed's Weapon Boutique.
  9881 | D:10     | Bought a +0 fustibalus for 195 gold pieces
  9901 | D:10     | Found a sacrificial altar of Ru.
 10163 | D:10     | Noticed Maggie
 10189 | D:10     | Killed Maggie
 10669 | D:10     | Reached ***** piety under Makhleb
 10689 | D:11     | Reached skill level 1 in Invocations
 10754 | D:11     | Found a huge runed translucent gate.
 10755 | D:11     | Found a huge runed translucent gate.
 10755 | D:11     | Found a huge runed translucent gate.
 10755 | D:11     | Found a huge runed translucent gate.
 10773 | D:11     | Reached skill level 2 in Invocations
 10845 | D:11     | Found a staircase to the Lair.
 11000 | D:11     | Reached skill level 3 in Invocations
 11044 | D:11     | Got a fading trident
 11045 | D:11     | Identified the +4 trident "Ecraucs" {freeze, MR+++} (You
                  | found it on level 11 of the Dungeon)
 11128 | D:11     | Noticed a two-headed ogre
 11157 | D:11     | Killed a two-headed ogre
 11157 | D:11     | Reached skill level 4 in Invocations
 11398 | D:12     | Noticed a skeletal warrior
 11402 | D:12     | Noticed a skeletal warrior
 11684 | D:12     | Reached skill level 5 in Invocations
 11730 | D:12     | Noticed a white ugly thing
 11745 | D:12     | Killed a white ugly thing
 11936 | D:12     | Noticed a red ugly thing
 11961 | D:12     | Reached skill level 6 in Invocations
 11979 | D:12     | Killed a red ugly thing
 11979 | D:12     | Reached XP level 12. HP: 56/96 MP: 10/10
 12034 | D:12     | Found a glowing silver altar of Zin.
 12169 | Lair:1   | Entered Level 1 of the Lair of Beasts
 12361 | Lair:1   | Reached skill level 7 in Invocations
 13237 | Lair:2   | Reached skill level 8 in Invocations
 13868 | Lair:3   | Found a frozen archway.
 13885 | Lair:2   | Reached ****** piety under Makhleb
 13979 | Lair:3   | Reached skill level 9 in Invocations
 14013 | IceCv    | Entered an ice cave
 14338 | IceCv    | Reached skill level 10 in Invocations
 14344 | IceCv    | Reached XP level 13. HP: 99/102 MP: 13/13
 14534 | IceCv    | Noticed a frost giant
 14571 | IceCv    | Killed a frost giant
 14640 | IceCv    | Got a pitted leather armour
 14655 | IceCv    | Identified the cursed +1 leather armour of Trial and Error
                  | {rElec rC+} (You found it in an ice cave)
 15169 | Lair:3   | Found a hole to the Spider Nest.
 15428 | Lair:3   | Reached skill level 11 in Invocations
 15439 | Lair:3   | Found the +8 whip "Snakebite" {curare, rPois}
 15601 | Lair:4   | Noticed Kirke
 15613 | Lair:4   | Noticed a sphinx
 15624 | Lair:4   | Killed Kirke
 15724 | Lair:4   | You fall into a shaft and drop 1 floor!
 15908 | Lair:5   | Reached skill level 5 in Fighting
 15947 | Lair:5   | Reached skill level 15 in Shields
 15987 | Lair:5   | Identified the +1 chain mail of Uskayaw's Grace {Harm rElec
                  | Dex-4 Stlth-}
 16079 | Lair:5   | Reached skill level 12 in Invocations
 16105 | Lair:5   | Reached skill level 15 in Axes
 16564 | Lair:5   | Gained mutation: You resist negative energy. (rN+) [Deep
                  | Dwarf growth]
 16564 | Lair:5   | Reached XP level 14. HP: 109/118 MP: 14/14
 17383 | Lair:4   | Noticed Sonja
 17411 | Lair:4   | Killed Sonja
 17425 | Lair:4   | Found a staircase to the Swamp.
 17603 | Lair:5   | Noticed Snorg
 17628 | Lair:5   | Killed Snorg
 17754 | Lair:6   | Entered Level 6 of the Lair of Beasts
 17773 | Lair:6   | Reached skill level 13 in Invocations
 18076 | Lair:6   | Identified the +1 cloak of the Unbroken {rN+ Dex+5} (You
                  | found it on level 6 of the Lair of Beasts)
 18300 | Lair:6   | Found a staircase to the Slime Pits.
 18515 | Lair:6   | Identified the +2 trident "Olihaaz" {venom, rPois} (You
                  | found it on level 6 of the Lair of Beasts)
 18563 | Lair:6   | Reached skill level 14 in Invocations
 18733 | Swamp:1  | Entered Level 1 of the Swamp
 18921 | Swamp:1  | Found a transporter.
 19191 | Swamp:1  | Found a transporter.
 19330 | Swamp:2  | Reached XP level 15. HP: 134/134 MP: 16/16
 19602 | Swamp:2  | Reached skill level 15 in Invocations
 20732 | Swamp:4  | Entered Level 4 of the Swamp
 20837 | Swamp:4  | Reached skill level 10 in Fighting
 20926 | Swamp:4  | Got a faintly glowing buckler
 20927 | Swamp:4  | Identified the +3 buckler "Yshrisis" {rC+ MR+ Slay+2} (You
                  | found it on level 4 of the Swamp)
 20980 | Swamp:4  | Reached skill level 16 in Invocations
 21342 | Swamp:4  | Got a decaying rune of Zot
 21742 | Swamp:1  | Reached XP level 16. HP: 101/147 MP: 19/19
 21828 | Swamp:1  | Identified the ring "Unaile Zick" {*Contam rF++ rC- rN+
                  | MR+} (You found it on level 1 of the Swamp)
 21848 | Swamp:1  | Identified the amulet "Losinlu" {Faith Str+5 SInv} (You
                  | found it on level 1 of the Swamp)
 22453 | D:5      | Bought a scroll of enchant weapon for 82 gold pieces
 22599 | Orc:1    | Entered Level 1 of the Orcish Mines
 22714 | Orc:1    | Found a roughly hewn altar of Beogh.
 22907 | Orc:2    | Entered Level 2 of the Orcish Mines
 23044 | Orc:2    | Found a roughly hewn altar of Beogh.
 23068 | Orc:2    | Found Ecsima's Book Shoppe.
 23094 | Orc:2    | Found Mafac's Antique Armour Boutique.
 23101 | Orc:2    | Reached skill level 17 in Invocations
 23120 | Orc:2    | Bought a pair of embroidered boots for 232 gold pieces
 23189 | Orc:2    | Found a staircase to the Elven Halls.
 23356 | Orc:2    | Found Hurisaro's Assorted Antiques.
 23379 | Orc:2    | Found Ynyani's Book Shoppe.
 23744 | Orc:1    | Found Iffiavun's Antique Armour Shoppe.
 23761 | Orc:1    | Bought a pair of runed boots for 217 gold pieces
 23803 | Orc:1    | Found a roughly hewn altar of Beogh.
 24215 | Spider:1 | Entered Level 1 of the Spider Nest
 24298 | Spider:1 | Identified the +0 ring mail of the Earth {rElec Int+2} (You
                  | found it on level 1 of the Spider Nest)
 24578 | Spider:1 | Reached skill level 18 in Invocations
 24598 | Spider:1 | Noticed Louise
 24622 | Spider:1 | Killed Louise
 26020 | Spider:3 | Reached XP level 17. HP: 162/162 MP: 21/21
 26755 | Spider:4 | Entered Level 4 of the Spider Nest
 26758 | Spider:4 | Reached skill level 5 in Armour
 26943 | Spider:4 | Reached skill level 19 in Invocations
 27730 | Spider:4 | Got a gossamer rune of Zot
 28450 | D:13     | Found a flagged portal.
 28456 | Bailey   | Entered a bailey
 28580 | Bailey   | Found an iron altar of Okawaru.
 29148 | D:14     | Found a stormy altar of Qazlal.
 29157 | D:14     | Found a glowing golden altar of the Shining One.
 29218 | D:14     | Reached skill level 20 in Invocations
 29247 | D:14     | Found a gate to the Vaults.
 29283 | D:14     | Gained mutation: You passively map a large area around you.
                  | [Deep Dwarf growth]
 29283 | D:14     | Reached XP level 18. HP: 168/174 MP: 23/23
 29485 | D:15     | Entered Level 15 of the Dungeon
 29550 | D:15     | Found a staircase to the Depths.
 29816 | D:15     | Found a portal to a secret trove of treasure.
 30160 | D:15     | Found an opulent altar of Gozag.
 30277 | Depths:1 | Entered Level 1 of the Depths
 30367 | Depths:2 | Noticed Asterion
 30378 | Depths:1 | Killed Asterion
 30568 | Depths:1 | Found Penkad's Weapon Emporium.
 30599 | Depths:1 | Reached skill level 10 in Armour
 30778 | Depths:1 | Found a gateway to Hell.
 31361 | Depths:3 | Found a one-way gate to the infinite horrors of the Abyss.
 31425 | Depths:3 | Reached skill level 21 in Invocations
 31574 | Depths:3 | Noticed a lich
 31588 | Depths:3 | Killed a lich
 31596 | Depths:3 | Noticed a tentacled monstrosity
 31601 | Depths:3 | Killed a tentacled monstrosity
 31657 | Depths:3 | Found a runed translucent gate.
 31657 | Depths:3 | Found a runed translucent gate.
 31657 | Depths:3 | Found a runed translucent gate.
 31693 | Depths:3 | Noticed slayr's ghost (veteran DDNe)
 31693 | Depths:3 | Noticed an ancient lich
 31871 | Depths:3 | Reached skill level 15 in Fighting
 31941 | Depths:3 | Reached XP level 19. HP: 114/186 MP: 24/24
 32267 | Depths:3 | Found a one-way gate leading to the halls of Pandemonium.
 32607 | Depths:4 | Noticed a lich
 32616 | Depths:4 | Noticed Boris
 32629 | Depths:4 | Killed a lich
 32629 | Depths:4 | Reached skill level 22 in Invocations
 32642 | Depths:4 | Killed Boris
 32747 | Depths:4 | Noticed a lich
 32754 | Depths:4 | Killed a lich
 32778 | Depths:4 | Noticed a golden dragon
 32789 | Depths:4 | Killed a golden dragon
 33309 | Depths:4 | Got a sparkling turquoise ring
 33310 | Depths:4 | Identified the ring "Awaifyog" {rPois rF+ MP+9 Str+3} (You
                  | found it on level 4 of the Depths)
 33509 | Depths:4 | Identified the +7 longbow of Midnight {vorpal, Str+4} (You
                  | found it on level 4 of the Depths)
 33516 | Depths:5 | Entered Level 5 of the Depths
 33560 | Depths:5 | Reached XP level 20. HP: 128/196 MP: 26/26
 33890 | Depths:5 | Reached skill level 23 in Invocations
 33931 | Depths:5 | Noticed a golden dragon
 33944 | Depths:5 | Killed a golden dragon
 34658 | Depths:5 | Found a gate to the Realm of Zot.
 35079 | Vaults:1 | Entered Level 1 of the Vaults
 35151 | Vaults:1 | Reached skill level 15 in Armour
 35684 | Vaults:1 | Reached XP level 21. HP: 208/208 MP: 27/27
 36037 | Vaults:3 | Reached skill level 24 in Invocations
 36232 | Vaults:4 | Found Cequenn's General Store.
 36259 | Vaults:4 | Bought a potion of might for 56 gold pieces
 36702 | Vaults:4 | Found Letevun's Gadget Shop.
 36709 | Vaults:4 | Found Gairr's Antique Armour Shoppe.
 36710 | Vaults:4 | Bought a wand of acid (6) for 400 gold pieces
 36710 | Vaults:4 | Bought a wand of acid (11) for 600 gold pieces
 36710 | Vaults:4 | Bought a condenser vane (2/2) for 400 gold pieces
 36721 | Vaults:4 | Bought a pair of runed gloves for 255 gold pieces
 37198 | Vaults:4 | Found Koffuyn's Armour Boutique.
 37205 | Vaults:4 | Bought a +0 pair of boots of running for 441 gold pieces
 38047 | Vaults:5 | Entered Level 5 of the Vaults
 38051 | Vaults:5 | Noticed an ancient lich
 38086 | Vaults:5 | Noticed a golden dragon
 38105 | Vaults:5 | Killed a golden dragon
 38171 | Vaults:5 | Reached skill level 25 in Invocations
 38182 | Vaults:5 | Reached XP level 22. HP: 220/220 MP: 29/29
 38217 | Vaults:5 | Noticed a golden dragon
 38230 | Vaults:5 | Killed a golden dragon
 38404 | Vaults:5 | Identified the +11 whip "Assyte" {freeze, *Noise +Inv Dex+2
                  | SInv} (You found it on level 5 of the Vaults)
 38409 | Vaults:5 | Identified the +12 spear of Wuenek {vorpal, Dex+3}
 38677 | Vaults:5 | Noticed an ancient lich
 38689 | Vaults:5 | Killed an ancient lich
 38751 | Vaults:5 | Got a silver rune of Zot
 38834 | Vaults:5 | Noticed a golden dragon
 38851 | Vaults:5 | Killed a golden dragon
 39136 | Vaults:5 | Identified the cursed +2 hunting sling of the Undead
                  | {vorpal, +Fly Str-5 Int+5 Dex+3} (You found it on level 5
                  | of the Vaults)
 39145 | Vaults:5 | Identified the Collected Works on Calling and Dislocation
 39173 | Vaults:5 | Identified the +7 longbow of the Shoals {speed, *Contam
                  | +Inv rElec rN++} (You found it on level 5 of the Vaults)
 39184 | Vaults:5 | Noticed Boris
 39197 | Vaults:5 | Killed an ancient lich
 39197 | Vaults:5 | Reached skill level 26 in Invocations
 39198 | Vaults:5 | Killed Boris
 39289 | Vaults:5 | Identified the cursed -3 pair of boots "Loefupij" {rN+ MR+
                  | Dex+4 SInv} (You found it on level 5 of the Vaults)
 39396 | Vaults:5 | Reached XP level 23. HP: 202/232 MP: 31/31
 39491 | Vaults:5 | Noticed Sojobo
 39506 | Vaults:5 | Killed Sojobo
 40830 | D:15     | You paid a toll of +3 gold dragon scales to enter a
                  | treasure trove
 40831 | Trove    | Entered a treasure trove
 40839 | Trove    | Got a pair of jewelled gloves
 40841 | Trove    | Got a pair of ancient boots
 40843 | Trove    | Got a heavily runed helmet
 40855 | Trove    | Got a bloodstained plate armour
 40861 | Trove    | Got a pair of jewelled boots
 40865 | Trove    | Got a jewelled cloak
 40867 | Trove    | Got a steaming hat
 40930 | D:15     | Identified the +3 pair of gloves of Ufoicuh {rF- rC+ Str+5
                  | Stlth+} (You found it in a treasure trove)
 40931 | D:15     | Identified the +0 helmet of Midnight {Str+4 Int+2} (You
                  | found it in a treasure trove)
 40932 | D:15     | Identified the -3 cloak of the Hills {Rampage rC- Int+4}
                  | (You found it in a treasure trove)
 40933 | D:15     | Identified the +0 pair of boots of the Cooper {Int+5} (You
                  | found it in a treasure trove)
 40937 | D:15     | Identified the +1 hat of Fedhas's Displeasure {+Inv rC+}
                  | (You found it in a treasure trove)
 40938 | D:15     | Identified the +13 plate armour of the Ecumenical Temple
                  | {rElec Str+6} (You found it in a treasure trove)
 41007 | D:15     | Identified the +2 pair of boots of Ocaclerph {Int+7 Dex+4}
                  | (You found it in a treasure trove)
 41164 | Depths:3 | Killed an ancient lich
 41173 | Depths:3 | Killed slayr's ghost
 41205 | Depths:3 | Got a vibrating diamond amulet
 41206 | Depths:3 | Identified the amulet of Lies {Inacc rElec} (You found it
                  | on level 3 of the Depths)
 41478 | Orc:2    | Bought a scroll of enchant weapon for 210 gold pieces
 41479 | Orc:2    | Bought a potion of might for 112 gold pieces
 41479 | Orc:2    | Bought a scroll of identify for 56 gold pieces
 41829 | Zot:1    | Entered Level 1 of the Realm of Zot
 42122 | Zot:1    | Reached skill level 1 in Dodging
 42283 | Zot:2    | Noticed a curse toe
 42445 | Zot:2    | Killed a curse toe
 42490 | Zot:2    | Identified the +0 plate armour "Zeirphiar" {Harm} (You
                  | found it on level 2 of the Realm of Zot)
 42543 | Zot:3    | Noticed a Killer Klown
 42554 | Zot:3    | HP: 1/235 [death cob (17)]
 42560 | Zot:3    | HP: 10/352 [death cob (13)]
 42560 | Zot:3    | Mangled by a storm dragon

Illustrated notes

Levels and vault maps discovered:
D:1:      wheals_arrival_linesprint, layout_basic
D:2:      layout_loops_cross, elyvilon_altar_3, tgw_fedhas, uniq_robin,
          uniq_natasha
D:3:      layout_basic, nicolae_overflow_hidden_temple, lightli_corner_chamber
D:4:      layout_basic, lemuel_doored_altar, minivault_5,
          makhleb_blood_cavern_becter
D:5:      layout_basic, minmay_temple_entry_hall, serial_shops,
          kennysheep_mini_moat, kennysheep_windowed_goal, uniq_blork_the_orc,
          uniq_grinder, uniq_pikel
D:6:      layout_rooms, minmay_liquid_box
D:7:      layout_basic, uniq_duvessa
D:8:      layout_basic, led_sif_book
D:9:      layout_loops_ring, lemuel_crystal_altar, uniq_gastronok
D:10:     layout_layer_cave, hiddenorc2_lemuel, serial_shops,
          nicolae_shop_crystal, basic_altar, uniq_maggie
D:11:     lemuel_bear_cage, layout_rooms, lair_entry_dummy
D:12:     layout_roguey, pf_just_have_faith
D:13:     layout_rooms, enter_bailey_3
D:14:     layout_big_octagon, skrybe_vaults_entry_preservation, tso_altar,
          nicolae_qazlal_general_emergency
D:15:     hangedman_depths_entry_civil_slaughter, layout_gridville,
          nicolae_gozag_cash_rules_everything_around_me,
          nicolae_trove_entry_path_of_doom, minivault_15
Lair:1:   layout_loops_ring, grunt_megastairs_2
Lair:2:   layout_layer_cave, grunt_megastairs_5
Lair:3:   minmay_guarded_unrand_snakebite, layout_hall_layers,
          spider_nest_entry_web_field, gauntlet_entry_generic,
          portal_ice_cave_entry_imps, grunt_megastairs_1
Lair:4:   layout_misc_corridors, palyth_hydra_swamp_entry, special_room
          [special_room_mythical_zoo], uniq_sonja, uniq_kirke
Lair:5:   regret_index_combs_of_tragedy, layout_regular_city, pond,
          lemuel_fruit_fields, infiniplex_staircase_pool, uniq_snorg
Lair:6:   grunt_lair_end_beastmaster, layout_misc_corridors,
          dpeg_slime_entry_corner
Swamp:1:  gammafunk_its_a_trap, layout_basic_swamp, evilmike_swamp_ruin_house_2,
          swamp_pool4, infiniplex_staircase_pool_2
Swamp:2:  layout_falls_marsh, hangedman_swamp_diagram
Swamp:3:  layout_falls_marsh, evilmike_swamp_ruin_house_3, swamp_pool1
Swamp:4:  swamp_alternative, layout_basic_swamp, roderic_carrion_pond
Spider:1: cheibrodos_forgotten_conduit, uniq_louise
Spider:2: spiders_nest_scorpion_pit
Spider:3: layout_spider_delve, hangedman_spider_tarantella_strand
Spider:4: spider_rune_water, special_room [special_room_bee]
Orc:1:    nicolae_orc_accident_2, layout_caves, basic_altar, serial_shops, shop
Orc:2:    st_orc_town, layout_caves
Vaults:1: vaults_room_boxed, hangedman_vaults_snaps, v_misc_5,
          nicolae_vaults_twisting_passages, v_misc_11, hangedman_vaults_pinch,
          ontoclasm_vaults_shuriken, layout_vaults_quadrants, serial_shops, shop
Vaults:2: hangedman_vaults_impose, v_misc_8, v_alt_pattern_5, st_cross,
          nicolae_vaults_network_quincunx
          [nicolae_vaults_network_quincunx_subvault,
          nicolae_vaults_network_quincunx_subvault,
          nicolae_vaults_network_quincunx_subvault,
          nicolae_vaults_network_quincunx_subvault,
          nicolae_vaults_network_quincunx_subvault], grunt_vaults_hallway_long,
          nicolae_vaults_little_squares_5, v_misc_31, vaults_mumra_minichess,
          vaults_mumra_lcd, grunt_vaults_twisty, dpeg_vaults_monster_row,
          minmay_crypt_entry_simple_box, layout_vaults_omnibox
Vaults:3: vaults_room_corners, v_pattern_3, grunt_vaults_funnel, v_rooms_1,
          nicolae_vaults_specimen_jars, vaults_mumra_chevron_long,
          hangedman_vaults_corner, vaults_mumra_minichess_inversion,
          vaults_room_ringed_pool, vaults_room_large_hall,
          ontoclasm_vaults_shout, v_misc_22, nicolae_vaults_ring_of_whatevers,
          nicolae_vaults_little_squares_4, layout_vaults_maze_bifur, uniq_mara
Vaults:4: nicolae_vaults_ninety_degrees, v_pattern_2, v_misc_2, v_rooms_4,
          v_misc_27, hangedman_vaults_hat, nicolae_vaults_asterisk,
          ontoclasm_vaults_ring_square, vaults_dpeg_ring, st_cells,
          layout_vaults_omnicross, serial_shops, shop, nicolae_shop_trees,
          nicolae_shop_window_shopping, nicolae_shop_competitors_out_of_business
Vaults:5: uniq_sojobo
Depths:1: layout_basic, hell_entry, nicolae_twisting_strands, serial_shops,
          nicolae_shop_waterfront, grunt_ministairs_14, hangedman_decor_growths,
          minmay_misc_feat_diagonals, hangedman_decor_clover_reticule,
          minmay_holes, kennysheep_small_circle, serial_bayou_shore_b
Depths:2: minmay_the_grid_four_pointed_star [minmay_the_grid_triangle_9x9_steps,
          minmay_the_grid_triangle_9x9_skeleton,
          minmay_the_grid_triangle_9x9_subtriangle,
          minmay_the_grid_triangle_9x9_semitri,
          minmay_the_grid_prize_shrinking_boxes], layout_long_grid,
          enter_ziggurat_b, grunt_mini_vestibule, uniq_asterion
Depths:3: kennysheep_blocky_room, layout_gridville, hangedman_decor_points,
          pan_entry, abyss_entry, gammafunk_ghost_necromancy,
          hangedman_coc_ice_floe, chequers_serial_rivers_micro_e, firewood_loft
Depths:4: grunt_house_of_mirrors, layout_cave_shapes, rand_demon_pan_entry_5,
          minmay_room_of_horrors, grunt_hell_entry_dis_grunt, uniq_margery,
          uniq_boris
Depths:5: grunt_zot_entry_gee_three, layout_honeycomb, pf_hell_entry_tar_spiral,
          abyss_entry
Zot:1:    layout_basic
Zot:2:    layout_misc_corridors, nicolae_lava_and_water
Zot:3:    layout_misc_corridors, zot_minivault_3

Skill      XL: |  1  2  3  4  5  6  7  8  9 10 11 12 13 14 15 16 17 18 19 20 21 22 23 |
---------------+----------------------------------------------------------------------+-----
Axes           | 3 4 5 6 7 9 11 12 14 15 16 17 18 | 18.0
Shields        | 4 5 6 7 9 11 12 14 15 | 15.0
Slings         | 1 2 3 4 6 8 9 |  9.2
Evocations     | 2 5 |  5.0
Invocations    | 6 10 12 14 16 18 20 21 22 23 25 26 | 26.9
Fighting       | 5 8 10 12 13 15 16 17 18 19 | 19.7
Armour         | 8 11 13 15 17 18 19 | 19.4
Dodging        | 3 |  3.4

Action                   |  1- 3 |  4- 6 |  7- 9 | 10-12 | 13-15 | 16-18 | 19-21 | 22-24 || total
-------------------------+-------+-------+-------+-------+-------+-------+-------+-------++-------
Melee: War axe           |    74 |   115 |   304 |   535 |   354 |    20 |       |       ||  1402
       Dagger            |       |       |     6 |       |       |       |       |       ||     6
       Broad axe         |       |       |       |   471 |   824 |  1389 |  1191 |   579 ||  4454
       Whip              |       |       |       |       |   234 |     6 |       |       ||   240
       Trident           |       |       |       |       |       |    27 |       |       ||    27
       Staff             |       |       |       |       |       |       |     9 |       ||     9
       Demon trident     |       |       |       |       |       |       |    15 |       ||    15
 Fire: Hunting sling     |    16 |   127 |   130 |    78 |       |       |       |       ||   351
       Fustibalus        |       |       |       |    63 |     5 |       |       |       ||    68
Throw: Stone             |    13 |       |     1 |     3 |       |       |       |       ||    17
       Boomerang         |       |     3 |     3 |     3 |       |     5 |       |       ||    14
       Javelin           |       |     3 |     2 |       |       |       |       |       ||     5
       Dart              |       |       |    25 |   180 |    94 |    86 |    22 |     9 ||   416
Invok: Lesser Servant of |       |       |       |     3 |     6 |     1 |     1 |     1 ||    12
       Minor Destruction |       |       |       |       |     1 |       |       |       ||     1
       Greater Servant o |       |       |       |       |     1 |     3 |       |       ||     4
       Major Destruction |       |       |       |       |       |       |       |     1 ||     1
 Abil: Heal Wounds       |     2 |     1 |     8 |    13 |     5 |     2 |     3 |       ||    34
       Evoke Flight      |       |       |       |     1 |     3 |     8 |       |       ||    12
       Stop Flying       |       |       |       |       |       |     3 |       |       ||     3
Evoke: Wand              |       |     1 |     8 |    14 |     9 |     8 |     1 |     3 ||    44
       Phantom mirror    |       |       |       |     1 |     1 |       |       |       ||     2
       Phial of floods   |       |       |       |       |     1 |     1 |     1 |       ||     3
       Tin of tremorston |       |       |       |       |       |     4 |     1 |     3 ||     8
       Box of beasts     |       |       |       |       |       |     1 |     2 |       ||     3
       Condenser vane    |       |       |       |       |       |       |       |     1 ||     1
  Use: Scroll            |       |     8 |     7 |     8 |    13 |    13 |     9 |    25 ||    83
       Potion            |       |     1 |     3 |     2 |     3 |     5 |     4 |     7 ||    25
 Stab: Paralysed         |       |       |     4 |       |       |       |       |       ||     4
       Petrified         |       |       |       |       |    13 |       |       |       ||    13
       Confused          |       |       |       |       |     2 |       |       |       ||     2
       Distracted        |       |       |       |       |     1 |     3 |     2 |       ||     6
       Held in net/web   |       |       |       |       |       |     1 |       |       ||     1
Armor: Scale mail        |    38 |    46 |       |       |       |       |       |       ||    84
       Chain mail        |       |     8 |   101 |       |       |       |       |       ||   109
       Plate armour      |       |       |    76 |   464 |   792 |   849 |   166 |   218 ||  2565
       Storm dragon scal |       |       |       |       |       |       |   382 |   196 ||   578
Dodge: Dodged            |    25 |    40 |    85 |   181 |   305 |   361 |   245 |   192 ||  1434
Block: Kite shield       |    40 |    79 |   201 |   626 |   875 |       |       |       ||  1821
       Buckler           |       |       |       |       |    75 |   726 |   480 |   300 ||  1581

Table legend: (Time is in decaauts)
 A = Elapsed time spent in this place.
 B = Non-inter-level travel time spent in this place.
 C = Inter-level travel time spent in this place.
 D = Time resting spent in this place.
 E = Time spent auto-exploring this place.
 F = Levels seen in this place.
 G = Mean time per level.
                   A        B        C        D        E       F      G
               +--------+--------+--------+--------+--------+-----+--------+
         Total |  41211 |  35849 |   5362 |   1332 |  16336 |  47 |  876.8 |
       Dungeon |  15447 |  13359 |   2088 |    380 |   6260 |  15 | 1029.8 |
          Lair |   6294 |   5496 |    798 |      5 |   2912 |   6 | 1049.0 |
         Swamp |   3487 |   3182 |    305 |     31 |   1642 |   4 |  871.8 |
   Spider Nest |   3684 |   3265 |    419 |    287 |   1431 |   4 |  921.0 |
  Orcish Mines |   1362 |   1188 |    174 |      0 |    646 |   2 |  681.0 |
        Vaults |   4365 |   3534 |    831 |     53 |   1354 |   5 |  873.0 |
        Depths |   5086 |   4354 |    732 |    254 |   2059 |   5 | 1017.2 |
           Zot |    626 |    614 |     12 |    321 |      0 |   3 |  208.7 |
         Trove |     43 |     43 |      0 |      0 |      0 |   1 |   43.0 |
        Bailey |    179 |    179 |      0 |      0 |      0 |   1 |  179.0 |
      Ice Cave |    635 |    635 |      0 |      0 |     30 |   1 |  635.0 |
               +--------+--------+--------+--------+--------+-----+--------+

Top non-repeatable levels by time:
    D:10: 1745 daAuts
     D:5: 1692 daAuts
Vaults:5: 1505 daAuts
Depths:5: 1401 daAuts
Vaults:4: 1352 daAuts
Depths:3: 1332 daAuts
  Lair:4: 1252 daAuts
     D:2: 1239 daAuts
  Lair:2: 1213 daAuts
     D:1: 1175 daAuts
Depths:1: 1157 daAuts
Vaults:1: 1144 daAuts
  Lair:3: 1125 daAuts
Depths:4: 1121 daAuts
Spider:4: 1093 daAuts
